 Dungeon Crawl Stone Soup version 0.17-a0-2105-gad05798 (webtiles) character file.

5105 Geeful the Grappler (level 10, -4/100 HPs)
             Began as a Troll Warper on Oct 18, 2015.
             Was a Follower of Jiyva.
             Slain by a sky beast (5 damage)
             ... on level 9 of the Dungeon.
             The game lasted 00:28:08 (8290 turns).

Geeful the Grappler (Troll Warper)                  Turns: 8290, Time: 00:28:08

Health: -4/100     AC:  9    Str: 24    XL:     10   Next: 32%
Magic:  13/13      EV: 12    Int:  9    God:    Jiyva [*.....]
Gold:   370        SH:  0    Dex:  9    Spells: 3 memorised, 9 levels left

rFire  x . .     SeeInvis .       - Unarmed
rCold  + + +     Clarity  .     a - +1 robe
rNeg   . . .     SustAt   .     (no shield)
rPois  +         Gourm    +     r - +0 hat of the Turtle {rPois rF- rC+++ rCorr}
rElec  .         Spirit   .     F - +0 cloak
rCorr  +         Warding  .     (gloves unavailable)
rMut   .         Stasis   .     (boots unavailable)
MR     ++...                    (no amulet)
Stlth  +.........               i - ring of Spontaneous Combustion {+Fly MR+}
                                f - ring of wizardry

@: hasted, very quick, very resistant to hostile enchantments, very unstealthy
A: unfitting armour, claws 3, talons 1, slimy green scales 1, fast metabolism 3,
gourmand, magic resistance 1, regeneration 2, shaggy fur 1, tough skin 2
a: Request Jelly, Renounce Religion, Evoke Flight


You were on level 9 of the Dungeon.
You worshipped Jiyva.
Jiyva was aware of your devotion.
You were very full.

You visited 2 branches of the dungeon, and saw 11 of its levels.
You also visited: Sewer and Ossuary.

You collected 370 gold pieces.

Inventory:

Hand Weapons
 b - a +1 blowgun
Missiles
 d - 5 tomahawks of dispersal
 g - 2 throwing nets (quivered)
 o - 9 tomahawks
 v - 2 exploding tomahawks
 A - 40 poisoned needles
Armour
 a - a +1 robe (worn)
 r - the +0 hat of the Turtle (worn) {rPois rF- rC+++ rCorr}
   (You acquired it on level 7 of the Dungeon)

   It makes you vulnerable to fire.
   It renders you almost immune to cold.
   It protects you from poison.
   It protects you from acid and corrosion.
 F - a +0 cloak (worn)
Jewellery
 f - a ring of wizardry (left claw)
 i - the ring of Spontaneous Combustion (right claw) {+Fly MR+}
   (You found it on level 5 of the Dungeon)

   [ring of protection from magic]

   It affects your resistance to hostile enchantments.
   It lets you fly.
Wands
 w - a wand of draining (10)
 y - a wand of paralysis (16)
 K - a wand of polymorph (9)
 O - a wand of flame (31)
 Q - a wand of digging (7)
Scrolls
 c - 2 scrolls of blinking
 h - 5 scrolls of remove curse
 t - 2 scrolls of recharging
 x - 2 scrolls of fear
 z - a scroll of noise {unknown}
 J - a scroll of fog
 M - 5 scrolls of identify
 P - a scroll of amnesia {unknown}
Potions
 j - 3 potions of brilliance
 k - a potion of mutation
 l - 2 potions of flight {unknown}
 n - a potion of haste
 p - 2 potions of cancellation {unknown}
 q - 2 potions of heal wounds
 s - 3 potions of curing
 u - 3 potions of might {unknown}
 C - a potion of lignification
 D - 2 potions of beneficial mutation {unknown}
 E - 2 potions of resistance
 G - a potion of invisibility {unknown}
 L - a potion of berserk rage {unknown}
Books
 I - a book of Spatial Translocations

   Spells                             Type                      Level
   a - Apportation                    Translocation                1
   b - Blink                          Translocation                2
   c - Shroud of Golubria             Charms/Translocation         2
   d - Portal Projectile              Translocation                3
   e - Teleport Other                 Translocation                3
   f - Passage of Golubria            Translocation                4
Comestibles
 e - 4 bread rations
 m - 3 meat rations
 B - 2 beef jerkies
 H - 10 fruits
 N - 10 royal jellies


   Skills:
 + Level 6.9 Fighting
 - Level 3.2 Throwing
 + Level 7.1 Dodging
 + Level 8.3 Unarmed Combat
 - Level 2.7 Spellcasting
 - Level 3.2 Translocations


You had 9 spell levels left.
You knew the following spells:

 Your Spells              Type           Power        Failure   Level  Hunger
a - Apportation           Tloc           #.........   4%          1    ##.....
b - Blink                 Tloc           N/A          6%          2    ###....
c - Shroud of Golubria    Chrm/Tloc      #.........   12%         2    ###....


Dungeon Overview and Level Annotations

Branches:
Dungeon (10/15)            Temple (1/1) D:7
   Lair: D:8-11         Orc: D:9-12

Altars:
Ashenzari
Dithmenos
Gozag
Nemelex Xobeh
Okawaru
Qazlal
Ru
Sif Muna
Trog
Vehumet
Xom
Zin
Jiyva

Shops:
D:8 }


Innate Abilities, Weirdness & Mutations

You are too large for most types of armour.
You have claws for hands.
Your metabolism is lightning-fast.
You like to eat raw meat.
You heal very quickly.
You are covered in fur (AC +1).
You have very tough skin (AC +2).
You have sharp toenails.
You are partially covered in slimy green scales (AC +2).
You are resistant to hostile enchantments.


Message History

The hill giant hits you with a giant club!
* * * LOW HITPOINT WARNING * * *
Drink which item? (? for menu, Esc to quit)
You feel much better. The hound bites you. The orc priest barely misses you.
The crimson imp barely misses you. The hound bites you. Something hits you.
Something shocks you.
* * * LOW HITPOINT WARNING * * *
The orc warrior closely misses you.
Drink which item? (? for menu, Esc to quit)
You feel yourself speed up. The hound bites you but does no damage.
The hill giant hits you with a giant club!
* * * LOW HITPOINT WARNING * * *
The orc priest hits you from afar with a trident.
* * * LOW HITPOINT WARNING * * *
The crimson imp closely misses you. The orc hits you with a flail.
* * * LOW HITPOINT WARNING * * *
Something hits you.
* * * LOW HITPOINT WARNING * * *
Something shocks you.
You die...

#......##........
#......##........
#......##........
#......##.......[
#......##........
#......##..)..... ..
#......##........
...#####o.....##ยง.......
.......@Co..............
.......5h..###'#########
........oo.#............
...........#.(..........
.######....#............
#....#............
#....#............
#....#............
.######....#............


You could see a hill giant, an orc warrior, a hound, an orc priest, a crimson
imp and 2 orcs.

Vanquished Creatures
  The ghost of Haruko the Fighter, a novice NaGl of Cheibriados (D:7)
  The ghost of dickjo the Basher, a novice HOFi of Okawaru (D:8)
  A hippogriff (D:8)
  5 sky beasts
  A black bear (D:6)
  An ice beast (D:8)
  4 ogres
  An orc warrior (D:10)
  2 necrophages
  2 phantoms
  4 giant frogs
  3 centaurs
  A water moccasin zombie (Ossuary)
  A scorpion (D:8)
  2 killer bees (D:8)
  2 giant frog zombies
  3 hounds
  2 crimson imps (D:5)
  5 jellies
  2 giant frog skeletons
  7 orc priests
  Jessica (D:3)
  10 orc wizards
  6 worker ants
  An iguana (D:8)
  2 big kobold zombies (Ossuary)
  3 hound skeletons
  3 mummies
  2 worker ant zombies
  10 adders
  3 shadow imps
  6 oozes
  4 worms
  5 adder skeletons
  2 adder zombies
  10 giant geckos
  43 orcs
  11 giant cockroaches
  4 gnoll zombies (Ossuary)
  7 goblins
  10 hobgoblins
  5 jackals (Sewer)
  10 kobolds
  A quokka (D:4)
  5 ball pythons
  6 bats
  A giant cockroach zombie (D:6)
  2 giant gecko skeletons (D:4)
  6 giant newts
  2 hobgoblin zombies (Ossuary)
  8 kobold zombies (Ossuary)
  7 orc zombies
  A quokka zombie (D:7)
  5 rats
  2 plants (Sewer)
255 creatures vanquished.

Vanquished Creatures (others)
  2 jellies (D:9)
  A quasit (D:9)
  An orc wizard (D:3)
  An orc (D:3)
  A quokka (D:8)
6 creatures vanquished.

Grand Total: 261 creatures vanquished

Notes
Turn   | Place    | Note
--------------------------------------------------------------
     0 | D:1      | Geeful the Troll Warper began the quest for the Orb.
     0 | D:1      | Reached XP level 1. HP: 19/19 MP: 1/1
     7 | D:1      | Reached skill level 1 in Throwing
    94 | D:1      | Reached XP level 2. HP: 22/27 MP: 3/3
   789 | D:2      | Reached XP level 3. HP: 23/35 MP: 4/4
  1338 | D:2      | Reached XP level 4. HP: 28/42 MP: 5/5
  1727 | D:3      | Reached XP level 5. HP: 47/49 MP: 6/6
  1888 | D:3      | Noticed Jessica
  1896 | D:3      | Killed Jessica
  2166 | D:4      | Reached skill level 3 in Unarmed Combat
  2942 | D:4      | Reached XP level 6. HP: 58/58 MP: 8/8
  3145 | D:5      | Entered Level 5 of the Dungeon
  3324 | D:5      | Found an iron altar of Okawaru.
  3330 | D:5      | Got a vibrating tin ring
  3361 | D:5      | Found a sand-covered staircase.
  3386 | Ossuary  | Entered an ossuary
  3477 | Ossuary  | Identified the ring of Spontaneous Combustion {+Fly MR+} (You found it on level 5 of the Dungeon)
  3513 | Ossuary  | Reached XP level 7. HP: 60/65 MP: 9/9
  3909 | D:5      | Reached skill level 4 in Unarmed Combat
  3916 | D:5      | Learned a level 2 spell: Blink
  3919 | D:5      | Learned a level 2 spell: Shroud of Golubria
  4094 | D:5      | Reached XP level 8. HP: 48/74 MP: 11/11
  4406 | D:5      | Reached skill level 5 in Unarmed Combat
  4677 | D:6      | Found a glowing drain.
  4703 | Sewer    | Entered a sewer
  5529 | D:6      | Reached skill level 5 in Dodging
  5735 | D:6      | Reached skill level 6 in Unarmed Combat
  5951 | D:7      | Reached XP level 9. HP: 80/85 MP: 12/12
  6126 | D:7      | Reached skill level 5 in Fighting
  6202 | D:7      | Noticed Haruko's ghost (novice NaGl)
  6205 | D:7      | Gained mutation: You are resistant to hostile enchantments. [potion of mutation]
  6205 | D:7      | Gained mutation: You are partially covered in slimy green scales (AC +2). [potion of mutation]
  6205 | D:7      | Gained mutation: You have sharp toenails. [potion of mutation]
  6233 | D:7      | Killed Haruko's ghost
  6233 | D:7      | Reached skill level 7 in Unarmed Combat
  6471 | D:7      | Found a staircase to the Ecumenical Temple.
  6491 | Temple   | Entered the Ecumenical Temple
  6520 | Temple   | Became a worshipper of Xom of Unknown Intent
  6567 | D:7      | XOM: harmless Divn miscast
  6576 | D:7      | Identified a scroll of acquirement
  6579 | D:7      | Got a faintly humming hat
  6585 | D:7      | Identified the +0 hat of the Turtle {rPois rF- rC+++ rCorr} (You acquired it on level 7 of the Dungeon)
  7120 | D:8      | XOM: potion effect (berserk rage)
  7147 | D:8      | Noticed dickjo's ghost (novice HOFi)
  7153 | D:8      | XOM: potion effect (might)
  7159 | D:8      | Killed dickjo's ghost
  7159 | D:8      | Reached XP level 10. HP: 100/100 MP: 13/13
  7250 | D:8      | Found Cerches's Gadget Shoppe.
  7354 | D:8      | Reached skill level 8 in Unarmed Combat
  7361 | D:8      | Found a viscous altar of Jiyva.
  7367 | D:8      | Fell from the grace of Xom
  7367 | D:8      | Became a worshipper of Jiyva Joseona the Shapeless
  7664 | D:8      | XOM: medium Air miscast
  7688 | D:8      | Reached * piety under Jiyva
  7691 | D:8      | XOM: medium Erth miscast
  8061 | D:9      | XOM: medium Erth miscast
  8181 | D:9      | XOM: confusion
  8195 | D:10     | Entered Level 10 of the Dungeon
  8254 | D:10     | XOM: noise
  8282 | D:10     | Noticed a hill giant
  8290 | D:9      | HP: 4/100 [orc priest/trident (4)]
  8290 | D:9      | HP: 1/100 [something (2)]
  8290 | D:9      | Slain by a sky beast

Vault maps used:
D:1:      shiori_arrival_oz, hex_large, grunt_decor_fettered
D:3:      first_bread, uniq_jessica
D:5:      okawaru_gym_becter, nicolae_ossuary_entry_giza
D:6:      gup_sewer_entry_pipe
D:7:      minmay_temple_entry_mist
D:8:      serial_shops, kennysheep_little_box, hangedman_little_slice_of_home
D:9:      boulder_corridor_run
D:10:     serial_bayou_pond_d, nrook_mini_backslash, fedhas_altar_1
Temple:   grunt_circular_temple_18
Sewer:    sewer_co_scattered_pipes
Ossuary:  ossuary_tomb_2

Action                   |  1- 3 |  4- 6 |  7- 9 | 10-12 || total
-------------------------+-------+-------+-------+-------++-------
Melee: Unarmed           |    93 |   219 |   491 |   112 ||   915
 Fire: Blowgun           |       |       |       |     6 ||     6
Throw: Throwing net      |       |       |       |     1 ||     1
Evoke: Wand              |       |       |     1 |       ||     1
  Use: Scroll            |       |     8 |     6 |       ||    14
       Potion            |       |       |     6 |     2 ||     8
 Stab: Sleeping          |     1 |       |     1 |       ||     2
  Eat: Chunk             |    18 |    16 |    38 |    11 ||    83
